 Dungeon Crawl Stone Soup version 0.26-a0-710-g95a0c6c400 (webtiles) character file.

Game seed: 11897222630623379774

258 strifetoe the Conjurer (level 6, 0/35 HPs)
             Began as a Gargoyle Hedge Wizard on Oct 31, 2020.
             Slain by Pikel
             ... wielding a +2 whip of flaming
              (6 damage)
             ... on level 4 of the Dungeon.
             The game lasted 00:05:37 (4428 turns).

strifetoe the Conjurer (Gargoyle Hedge Wizard)      Turns: 4428, Time: 00:05:37

Health: 0/35       AC:  8    Str: 15    XL:     6   Next: 16%
Magic:  10/10      EV: 12    Int: 15    God:
Gold:   215        SH:  0    Dex:  9    Spells: 2/11 levels left

rFire    + . .     SeeInvis .   g - +3 dagger
rCold    + . .     Faith    .   (no shield)
rNeg     + . .     Spirit   .   b - +0 robe
rPois    ∞         Reflect  .   j - +0 helmet (curse)
rElec    +         Harm     .   r - scarf {rC+ rF+}
rCorr    .         Rampage  .   k - +0 pair of gloves
MR       .....                  (no boots)
Stlth    ++........             (no amulet)
HPRegen  0.11/turn              (no ring)
MPRegen  0.12/turn              (no ring)

@: stab
A: negative energy resistance 1, electricity resistance, unbreathing,
petrification resistance, rot immunity, AC +4
a: no special abilities


You were on level 4 of the Dungeon.
You visited 1 branch of the dungeon, and saw 4 of its levels.

You collected 215 gold pieces.

Inventory:

Hand Weapons
 a - a +0 dagger
 d - a +0 short sword
 g - a +3 dagger (weapon)
Armour
 b - a +0 robe (worn)
 c - a +0 hat
 j - a cursed +0 helmet (worn)
 k - a +0 pair of gloves (worn)
 r - a scarf of resistance (worn)
 u - a +0 buckler
Jewellery
 n - an uncursed amulet of faith {unknown}
 s - an uncursed ring of ice {unknown}
Scrolls
 e - 2 scrolls of teleportation {unknown}
 f - a scroll of random uselessness {unknown}
 i - 7 scrolls of identify {unknown}
 o - a scroll of noise {unknown}
 p - 2 scrolls of magic mapping {unknown}
 q - 2 scrolls of enchant armour {unknown}
 v - a scroll of blinking {unknown}
Potions
 h - a potion of heal wounds {unknown}
 l - 3 potions of curing {unknown}
 m - 2 potions of ambrosia {unknown}
 t - a potion of mutation {unknown}
 w - a potion of stabbing


   Skills:
 - Level 1.6 Fighting
 - Level 1.5 Dodging
 - Level 2.1 Stealth
 + Level 1.4 Shields
 - Level 3.0 Spellcasting
 - Level 5.1 Conjurations
 - Level 2.0 Summonings
   Level 0.8 Translocations
 + Level 1.2 Poison Magic


You had 2 spell levels left.
You knew the following spells:

 Your Spells              Type           Power        Failure   Level
a - Magic Dart            Conj           ###.         2%          1
b - Call Imp              Summ           #.......     13%         2
c - Mephitic Cloud        Conj/Pois/Air  #.......     26%         3
d - Conjure Flame         Conj/Fire      ##......     21%         3

Your spell library contained the following spells:

 Spells                   Type           Power        Failure   Level
 Corona                   Hex            #......      21%         1
 Blink                    Tloc           N/A          22%         2
 Ensorcelled Hibernation  Hex/Ice        #.....       30%         2
 Slow                     Hex            #.......     30%         2
 Dazzling Flash           Conj/Hex       ##....       21%         3
 Gell's Gravitas          Tloc           #.........   38%         3
 Confusing Touch          Hex            #.......     52%         3
 Tukima's Dance           Hex            #.......     52%         3
 Petrify                  Tmut/Erth      #.......     89%         4
 Metabolic Englaciation   Hex/Ice        #.........   99%         5
 Yara's Violent Unravell  Hex/Tmut       #.........   99%         5


Dungeon Overview and Level Annotations

Branches:
Dungeon (4/15)
 Temple: D:4-7

Altars:
Dithmenos

Annotations:
D:4 Pikel


Innate Abilities, Weirdness & Mutations

You are resistant to torment.
Your stone body is resilient. (AC +4)
You are immune to poison.
You resist negative energy. (rN+)
You are resistant to electric shocks. (rElec)
You can survive without breathing.
You are immune to petrification.
You are immune to rotting.


Message History

You hit Pikel.
Pikel is lightly wounded.
Pikel hits you with a +2 whip of flaming.
You hit Pikel.
Pikel is lightly wounded.
Pikel hits you with a +2 whip of flaming!
Pikel burns you. Pikel hits you but does no damage.
You are too injured to fight recklessly!
Unknown command.
Pikel closely misses you.
Pikel hits you with a +2 whip of flaming!
* * * LOW HITPOINT WARNING * * *
Pikel burns you.
* * * LOW HITPOINT WARNING * * *
Pikel hits you with a +2 whip of flaming.
* * * LOW HITPOINT WARNING * * *
It was a potion of stabbing.
You feel ready to backstab.
Pikel hits you with a +2 whip of flaming.
You die...

#.##.##.# .#
###.##.##.##.# .#
##...##[##..#.# .#
#.....#.##....##.##
...................
#......#........#
##...#........#.#
######.##....#.###
.......(...@.#
#.#.###.#<#.#K#
#.#.# #.#.#†#.# #
#.# #...#.#5# #.
......#5# #####
#.#####5##5..... #.
#.5....... #.
#.######## #.#


You could see Pikel (berserk) and 4 lemures.

Vanquished Creatures
  2 hounds (D:4)
  A worker ant (D:3)
  7 adders
  An ooze (D:1)
  An adder skeleton (D:2)
  4 worms
  A dart slug (D:1)
  2 leopard geckos
  4 orcs (D:3)
  2 giant cockroaches
  10 goblins
  9 hobgoblins
  2 quokkas
  3 ball pythons
  13 bats
  10 frilled lizards
  11 kobolds
  8 rats
91 creatures vanquished.

Vanquished Creatures (others)
  5 toadstools (D:1)
5 creatures vanquished.

Grand Total: 96 creatures vanquished

Notes
Turn   | Place    | Note
-------+----------+-------------------------------------------
     0 | D:1      | strifetoe the Gargoyle Hedge Wizard began the quest for the
                  | Orb.
     0 | D:1      | Reached XP level 1. HP: 10/10 MP: 4/4
   440 | D:1      | Reached skill level 2 in Conjurations
   444 | D:1      | Reached XP level 2. HP: 5/15 MP: 0/6
   854 | D:1      | Reached skill level 3 in Conjurations
  1106 | D:1      | Reached XP level 3. HP: 19/19 MP: 7/7
  1296 | D:1      | Learned a level 2 spell: Call Imp
  1300 | D:1      | Learned a level 3 spell: Mephitic Cloud
  1912 | D:2      | Reached skill level 4 in Conjurations
  1982 | D:2      | Reached skill level 1 in Summonings
  2068 | D:2      | Reached XP level 4. HP: 24/24 MP: 8/8
  2762 | D:3      | Reached XP level 5. HP: 22/28 MP: 2/9
  3098 | D:3      | Learned a level 3 spell: Conjure Flame
  3454 | D:3      | Found a shadowy altar of Dithmenos.
  3663 | D:3      | Reached skill level 5 in Conjurations
  3929 | D:4      | Reached skill level 1 in Fighting
  4273 | D:4      | Reached skill level 1 in Shields
  4273 | D:4      | Reached skill level 1 in Poison Magic
  4273 | D:4      | Reached XP level 6. HP: 24/35 MP: 10/10
  4411 | D:4      | Noticed Pikel
  4428 | D:4      | Slain by Pikel

Illustrated notes

Levels and vault maps discovered:
D:1:      ldierk_walled_garden, layout_basic
D:2:      layout_loops_ring, kennysheep_generic_room_3
D:3:      layout_basic, nicolae_dithmenos_through_a_glass_darkly,
          kennysheep_flooded_box, minmay_between
D:4:      layout_loops_ring, serial_bayou_pond_a, uniq_pikel

Skill      XL: |  1  2  3  4  5 |
---------------+----------------+-----
Conjurations   | 2 3 4 5 |  5.1
Summonings     | 1 2 |  2.0
Fighting       | 1 |  1.6
Shields        | 1 |  1.4
Poison Magic   | 1 |  1.2
Dodging        | |  1.5
Stealth        | |  2.1
Spellcasting   | |  3.0
Translocations | |  0.8

Action                   |  1- 3 |  4- 6 || total
-------------------------+-------+-------++-------
Melee: Dagger            |    86 |   166 ||   252
       Short sword       |    62 |       ||    62
 Cast: Magic Dart        |    13 |    50 ||    63
  Use: Potion            |       |     1 ||     1
 Stab: Sleeping          |     3 |     4 ||     7
Armor: Robe              |    56 |    62 ||   118
Dodge: Dodged            |   130 |   131 ||   261

Table legend: (Time is in decaauts)
 A = Elapsed time spent in this place.
 B = Non-inter-level travel time spent in this place.
 C = Inter-level travel time spent in this place.
 D = Time resting spent in this place.
 E = Time spent auto-exploring this place.
 F = Levels seen in this place.
 G = Mean time per level.
                   A        B        C        D        E       F      G
               +--------+--------+--------+--------+--------+-----+--------+
         Total |   4433 |   4346 |     87 |    786 |   2639 |   4 | 1108.2 |
       Dungeon |   4433 |   4346 |     87 |    786 |   2639 |   4 | 1108.2 |
               +--------+--------+--------+--------+--------+-----+--------+

Top non-repeatable levels by time:
     D:1: 1548 daAuts
     D:3: 1363 daAuts
     D:2: 995 daAuts
     D:4: 525 daAuts
